AoeStats
← The_Only_Koala

Nomad

508086173Analyzed
4v4 RM · 13d ago on Sep 20, 2026· 41m 32s· 8 players
Game mode
Random Map
Map size
231×231
Population
200
Speed
Normal
Resources
Standard
Victory
Conquest
Starting age
Dark Age
Ending age
Imperial Age
RankedLock teamsTeams togetherTeam positionsShared explorationLock speedFull tech treeHidden civsTurbo modeCheats
Victory
Defeat
🇩🇪 Khmer · Germany
1187
+16
🇹🇷 Koreans · Türkiye
1180
+16
🇹🇷 Spanish · Türkiye
1158
+17
🇪🇸 Japanese · Spain
1090
+20
🇬🇧 Berbers · United Kingdom
1239
-19
🇺🇸 Bulgarians · United States
1212
-19
🇧🇷 Magyars · Brazil
1154
-16
🇨🇭 Turks · Switzerland
1114
-15
isik.cemil
12:08 Loom
14:37 Feudal Age
16:57 Fletching
20:33 Castle Age
19:26 Double-Bit Axe
19:22 Horse Collar
19:34 Stone Mining
24:38 Bodkin Arrow
25:06 Fishing Lines
25:54 Gold Mining
40:39 Husbandry
EL CID
5:27 Loom
15:44 Feudal Age
17:18 Double-Bit Axe
20:11 Castle Age
20:19 Scale Mail Armor
20:30 Forging
24:07 Chain Mail Armor
24:28 Iron Casting
34:20 Imperial Age
34:38 Elite Samurai
35:58 Plate Mail Armor
36:29 Blast Furnace
35:55 Capped Ram
38:52 Elite Skirmisher
39:56 Ballistics
40:37 Chemistry
40:07 Fletching
40:18 Padded Archer Armor
41:38 Wheelbarrow
42:03 Bodkin Arrow
42:24 Leather Archer Armor
BondTrustee
5:35 Loom
15:33 Feudal Age
20:29 Castle Age
18:50 Double-Bit Axe
20:02 Bloodlines
20:08 Horse Collar
21:38 Bow Saw
25:35 Scale Barding Armor
27:27 Wheelbarrow
27:13 Fishing Lines
28:21 Husbandry
28:38 Forging
30:26 Chain Barding Armor
33:23 Fletching
35:31 Bodkin Arrow
38:09 Gold Mining
38:57 Iron Casting
39:23 Gillnets
42:22 Imperial Age
KingMoonborn
4:08 Loom
14:45 Feudal Age
19:33 Castle Age
18:53 Double-Bit Axe
24:36 Bow Saw
31:22 Horse Collar
31:54 Fletching
33:50 Bodkin Arrow
39:59 Imperial Age
41:12 Bracer
{WaZzU'P} Recluta4!
4:59 Loom
5:03 Loom
16:56 Feudal Age
19:31 Wheelbarrow
22:44 Castle Age
21:11 Scale Mail Armor
21:48 Gold Mining
23:06 Double-Bit Axe
23:40 Town Watch
24:21 Chain Mail Armor
25:11 Hand Cart
25:06 Bow Saw
27:05 Forging
29:31 Horse Collar
32:23 Masonry
33:18 Ballistics
33:42 Murder Holes
34:10 Scale Barding Armor
The_Only_Koala
8:20 Loom
14:52 Feudal Age
19:06 Castle Age
18:48 Fletching
20:05 Stone Mining
20:03 Horse Collar
20:38 Bodkin Arrow
21:00 Padded Archer Armor
23:46 Double-Bit Axe
25:40 Leather Archer Armor
27:37 Bow Saw
28:41 Bloodlines
29:36 Husbandry
29:55 Gold Mining
32:12 Wheelbarrow
32:59 Ballistics
38:46 Imperial Age
37:57 Masonry
39:17 Gold Shaft Mining
38:52 Town Watch
39:42 Maghrebi Camels
40:03 Elite Camel Archer
40:57 Bracer
{WaZzU'P} GranPolo
6:37 Loom
14:16 Feudal Age
18:47 Castle Age
23:44 Town Watch
SS_Creuzebeck
5:12 Loom
13:33 Feudal Age
17:51 Castle Age
17:37 Double-Bit Axe
19:03 Wheelbarrow
19:10 Bow Saw
21:15 Corvinian Army
22:22 Horse Collar
27:38 Scale Barding Armor
28:35 Town Watch
30:23 Bloodlines
31:34 Sanctity
38:05 Imperial Age
Connection lost

Rejoining the realm…

Still unreachable

The connection could not be restored.

Session expired

The server has moved on; the page needs a fresh start.